 Dungeon Crawl Stone Soup version 0.16.1-14-g82efdee (webtiles) character file.

600 KarvaRausku the Cleaver (level 7, -3/52 HPs)
             Began as a Human Fighter on Apr 14, 2015.
             Shot with an arrow by a centaur (10 damage)
             ... on level 5 of the Dungeon.
             The game lasted 00:05:38 (4236 turns).

KarvaRausku the Cleaver (Human Fighter)             Turns: 4236, Time: 00:05:39

Health: -3/52      AC:  7    Str: 21    XL:     7   Next: 69%
Magic:  7/7        EV:  7    Int: 14    God:
Gold:   240        SH:  9    Dex: 12    Spells: 0 memorised, 6 levels left

rFire  . . .     SeeInvis .     a - +0 war axe
rCold  . . .     Clarity  .     b - +0 scale mail
rNeg   . . .     SustAb   .     c - +0 shield
rPois  .         Gourm    .     p - +0 helmet
rElec  .         Spirit   .     (no cloak)
rCorr  .         Warding  .     (no gloves)
rMut   .         Stasis   +     (no boots)
MR     .....                    E - amulet of stasis
Stlth  ..........               v - +5 ring of intelligence
                                s - +3 ring of strength

@: not resistant to hostile enchantments, extremely unstealthy
A: no striking features
a: no special abilities


You were on level 5 of the Dungeon.
You were not hungry.

You visited 1 branch of the dungeon, and saw 5 of its levels.

You collected 240 gold pieces.

Inventory:

Hand weapons
 a - a +0 war axe (weapon)
 A - a cursed -2 war axe
Armour
 b - a +0 scale mail (worn)
 c - a +0 shield (worn)
 p - a +0 helmet (worn)
 C - a +0 scale mail
Jewellery
 s - a +3 ring of strength (left hand)
 v - a +5 ring of intelligence (right hand)
 E - an amulet of stasis (around neck)
Magical devices
 m - a wand of teleportation (4)
 n - a wand of heal wounds (7)
Scrolls
 g - 2 scrolls of identify {unknown}
 i - 3 scrolls of immolation {unknown}
 j - a scroll of amnesia {unknown}
 o - 2 scrolls of teleportation {unknown}
 r - 2 scrolls of noise {unknown}
 y - a scroll of fog {unknown}
 B - a scroll of recharging {unknown}
Potions
 e - a potion of might
 f - a potion of resistance {unknown}
 h - 2 potions of invisibility {unknown}
 l - a potion of brilliance {unknown}
 q - 2 potions of restore abilities {unknown}
 t - a potion of curing {unknown}
 u - a potion of ambrosia {unknown}
 x - a potion of cure mutation {unknown}
 F - 2 potions of mutation {unknown}
Books
 w - a book of Clouds

   Spells                             Type                      Level
   a - Mephitic Cloud                 Conjuration/Poison/Air       3
   b - Conjure Flame                  Conjuration/Fire             3
   c - Poisonous Cloud                Conjuration/Poison/Air       6
   d - Freezing Cloud                 Conjuration/Ice/Air          6
   e - Ring of Flames                 Charms/Fire                  7
Comestibles
 d - 2 bread rations
 k - 2 meat rations
 z - a royal jelly
 D - 5 chunks of flesh


   Skills:
 - Level 3.0 Fighting
 + Level 8.0 Axes
 - Level 3.0 Armour
 - Level 3.0 Shields


You had 6 spell levels left.
You didn't know any spells.

Dungeon Overview and Level Annotations

Branches:
Dungeon (5/15)
 Temple: D:4-7

Altars:
Ashenzari
Nemelex Xobeh
Trog


Message History

Unknown command.
You are too injured to fight recklessly!
Unknown command.
You are too injured to fight recklessly!
Unknown command.
You now have 240 gold pieces (gained 7).
The phantom blinks!
A centaur comes into view.
The centaur shouts!
The centaur moves out of view.
The phantom blinks!
The centaur wields a shortbow.
The centaur shoots an arrow.
You block the arrow.
You see here an arrow.
The centaur shoots an arrow.
The arrow hits you!
* * * LOW HITPOINT WARNING * * *
Found a scroll labeled KHE MUNAYPTYVO.
You see here an arrow.
The centaur shoots an arrow.
The arrow barely misses you.
The centaur shoots an arrow.
The arrow hits you!
You die...

...................#
................§..#
...................# .?.
...................##c..
...................#.....
........................#
.........§......(..######
......§.§.......(..#
......§§§§§§§...@..#
......§≈###§.......#
.......≈# #§§......#
.......≈#+#≈.......#
.......≈≈.≈≈.......#
.(†................#
...................#
....<...............
............. ...


You could see a centaur.

Vanquished Creatures
  An ogre (D:5)
  A hound (D:4)
  3 orc priests
  3 orc wizards
  3 worker ants
  An iguana (D:4)
  Jessica (D:2)
  A hound zombie (D:5)
  Robin (D:2)
  3 gnolls (D:2)
  An adder (D:2)
  A giant mite (D:4)
  4 worms
  4 giant geckos
  16 orcs
  A bat skeleton (D:4)
  15 goblins
  12 hobgoblins
  10 jackals
  8 bats
  A giant cockroach (D:5)
  9 giant newts
  3 kobolds
  A quokka skeleton (D:5)
  5 rats
109 creatures vanquished.

Notes
Turn   | Place    | Note
--------------------------------------------------------------
     0 | D:1      | KarvaRausku, the Human Fighter, began the quest for the Orb.
     0 | D:1      | Reached XP level 1. HP: 18/18 MP: 1/1
   182 | D:1      | Reached XP level 2. HP: 21/24 MP: 2/2
   758 | D:2      | Noticed Robin
   767 | D:2      | Reached XP level 3. HP: 29/29 MP: 3/3
   775 | D:2      | Killed Robin
   813 | D:2      | Reached skill level 4 in Axes
   813 | D:2      | Reached XP level 4. HP: 19/35 MP: 4/4
  1092 | D:2      | Found a shattered altar of Ashenzari.
  1099 | D:2      | Noticed Jessica
  1107 | D:2      | Killed Jessica
  1137 | D:2      | Found a sparkling altar of Nemelex Xobeh.
  1692 | D:2      | Reached XP level 5. HP: 35/41 MP: 5/5
  1707 | D:2      | Reached skill level 5 in Axes
  2027 | D:3      | Found a bloodstained altar of Trog.
  3016 | D:4      | Reached XP level 6. HP: 47/47 MP: 6/6
  3042 | D:4      | Reached skill level 6 in Axes
  3626 | D:4      | Reached XP level 7. HP: 48/52 MP: 7/7
  3709 | D:4      | Reached skill level 7 in Axes
  3823 | D:5      | Entered Level 5 of the Dungeon
  4219 | D:5      | Reached skill level 8 in Axes
  4236 | D:5      | Shot with an arrow by a centaur

Action                   |  1- 3 |  4- 6 |  7- 9 || total
-------------------------+-------+-------+-------++-------
Melee: War axe           |    65 |   204 |    76 ||   345
  Use: Potion            |       |     1 |       ||     1
  Eat: Chunk             |       |     9 |     2 ||    11
